AoeStats
← JeGrandchamp

Nomad

508063297Analyzed
2v2 RM · 12d ago on Sep 20, 2026· 38m 3s· 4 players
Game mode
Random Map
Map size
176×176
Population
200
Speed
Normal
Resources
Standard
Victory
Conquest
Starting age
Dark Age
Ending age
Imperial Age
RankedLock teamsTeams togetherTeam positionsShared explorationLock speedFull tech treeHidden civsTurbo modeCheats
Victory
Defeat
🇩🇪 Vikings · Germany
1193
+15
🇩🇪 Persians · Germany
1190
+15
🇦🇷 Japanese · Argentina
1186
-15
🇨🇦 Khmer · Canada
1160
-15
DS_ZuRiTa
14:48 Feudal Age
18:21 Castle Age
16:12 Double-Bit Axe
18:00 Stone Mining
20:11 Bow Saw
20:59 Horse Collar
23:00 Loom
25:17 Scale Barding Armor
26:14 Husbandry
26:24 Bloodlines
28:12 Chain Barding Armor
28:54 Forging
30:47 Fletching
32:14 Iron Casting
31:51 Bloodlines
33:50 Town Watch
36:42 Wheelbarrow
38:51 Imperial Age
37:05 Gold Mining
JeGrandchamp
6:21 Loom
13:36 Feudal Age
19:40 Horse Collar
20:03 Double-Bit Axe
26:00 Gold Mining
32:23 Castle Age
31:59 Fletching
36:17 Tusk Swords
39:40 Imperial Age
Beachboyboss
4:57 Loom
12:58 Feudal Age
13:33 Double-Bit Axe
14:22 Town Watch
19:02 Castle Age
23:06 Medium Warships
24:07 Horse Collar
27:22 Fletching
27:44 Town Patrol
28:37 Bodkin Arrow
28:47 Scale Mail Armor
28:57 Forging
29:33 Scale Barding Armor
30:11 Bow Saw
30:02 Heavy Plow
29:48 Light Cavalry
30:45 Gold Mining
33:18 Chain Barding Armor
33:34 Iron Casting
36:11 Imperial Age
34:39 Ballistics
36:52 Masonry
38:07 Chemistry
37:10 Bracer
38:32 Blast Furnace
38:34 Conscription
lassenheimer
4:41 Loom
12:44 Feudal Age
13:40 Fishing Lines
19:00 Castle Age
18:04 Gold Mining
19:01 Stone Mining
20:59 Horse Collar
21:50 Kamandaran
22:24 Double-Bit Axe
22:48 Fletching
23:05 Heavy Plow
23:35 Crossbowman
24:20 Padded Archer Armor
24:15 Bodkin Arrow
25:22 Forging
25:44 Heavy Plow
27:44 Pikeman
34:31 Imperial Age
32:39 Wheelbarrow
34:13 Ballistics
35:22 Iron Casting
37:34 Halberdier
39:36 Chemistry
Connection lost

Rejoining the realm…

Still unreachable

The connection could not be restored.

Session expired

The server has moved on; the page needs a fresh start.